 Dungeon Crawl Stone Soup version 0.31-a0-133-gaae73658be (webtiles) character file.

Game seed: 16779147421623228621

63 Danienth the Trooper (level 3, -2/29 HPs)
             Began as a Demonspawn Berserker on June 3, 2023.
             Succumbed to an adder's poison
             ... on level 2 of the Dungeon.
             The game lasted 00:09:42 (1196 turns).

Danienth the Trooper (Demonspawn Berserker)         Turns: 1196, Time: 00:09:42

Health: -2/29      AC:  2    Str: 17    XL:     3   Next: 87%
Magic:  3/3        EV: 12    Int: 10    God:
Gold:   66         SH:  0    Dex: 18    Spells: 2/2 levels left

rFire   . . .        n - +0 halberd
rCold   . . .        (shield currently unavailable)
rNeg    . . .        b - +0 animal skin
rPois   .            (no helmet)
rElec   .            (no cloak)
rCorr   .            (no gloves)
SInv    .            (no boots)
Will    .....        (no amulet)
Stlth   ++           f - +6 ring of dexterity
HPRegen 0.24/turn    (no ring)
MPRegen 0.08/turn

%: no passive effects
@: lethally poisoned (-2 -> -11), about to teleport
A: demonic touch 1
a: no special abilities


You were on level 2 of the Dungeon.
You visited 1 branch of the dungeon, and saw 2 of its levels.

You collected 66 gold pieces.

Inventory:

Hand Weapons
 a - a +0 spear
 n - a +0 halberd (weapon)
Armour
 b - a +0 animal skin (worn)
Jewellery
 d - a ring of fire
 f - a +6 ring of dexterity (left hand)
Scrolls
 j - a scroll of immolation {unknown}
 k - a scroll of butterflies
 l - a scroll of blinking {unknown}
 m - a scroll of noise {unknown}


   Skills:
 * Level 3.5 Fighting
 * Level 3.3 Polearms
 * Level 2.2 Armour
 * Level 2.1 Dodging
 * Level 0.8 Stealth
 * Level 0.3 Spellcasting


You had 2 spell levels left.
You didn't know any spells.
Your spell library contained the following spells:

 Spells                   Type           Power      Damage    Failure   Level
 Animate Armour           Summ/Erth      0%         N/A       98%         4
 Summon Lightning Spire   Summ/Air       0%         N/A       98%         4
 Blade Hands              Tmut           0%         N/A       100%        5


Dungeon Overview and Level Annotations

Branches:
Dungeon (2/15)

Altars:


Innate Abilities, Weirdness & Mutations

Your touch may inflict minor irresistible damage on your foes.


Message History

You slash the ball python!
You kill the ball python!
The adder hisses angrily.
The hobgoblin shouts!
The hobgoblin hits you.
You closely miss the adder. The adder completely misses you.
The hobgoblin closely misses you. The adder misses you.
You slash the adder!
The adder is severely wounded.
The adder bites you. The hobgoblin closely misses you.
You barely miss the adder.
The adder is severely wounded.
The adder misses you. The hobgoblin completely misses you.
The adder misses you. The hobgoblin hits you.
You closely miss the adder.
The adder is severely wounded.
The adder bites you. The hobgoblin hits you. The adder bites you.
You are too injured to fight recklessly!
You are too injured to fight recklessly!
You feel better. The adder bites you. The hobgoblin hits you.
You barely miss the adder.
The adder is severely wounded.
The adder closely misses you. The hobgoblin closely misses you.
The adder closely misses you.
You miss the adder.
The adder is severely wounded.
The hobgoblin barely misses you. The adder bites you.
You are poisoned.
The adder poisons you! The hobgoblin hits you.
* * * LOW HITPOINT WARNING * * *
The adder bites you.
* * * LOW HITPOINT WARNING * * *
You are more poisoned.
The adder poisons you!
As you read the scroll of teleportation, it crumbles to dust.
You feel strangely unstable.
* * * LOW HITPOINT WARNING * * *
You feel very sick. The adder barely misses you.
The hobgoblin hits you but does no damage.
You die...

***,,,,,,,,,,***#.......#.....#
*,,,,,,,,,,,*##.............#.#
***,*,,,,,,,**##..........#...#.#
,,,,*,,,,**** #..####.###.#.<.#.#
,**,*,**** ##..##...# #.##.##.#
,**,*,,,*** #...#....# #.#.....#
,**,*,,,,,** #...#S...###.##.####
,,*,*,,,,,,*##....g..$##..##.#**
,,*,*,***,,*#...@#######..#...,**
,,,,*,***,,,#..†.# ###...#.#.*,,
,,***,,**...#....####.....#.,.,**
,,* *,,,,.................##,..,,
,,* *****##################******
*** *,*,**,* *,*,,,*,* *,,
*,,,,,,* *,*,,,*,* *,* ***,****
*,*,,,*,* *,, *,* *,,,,,,,* *,,


You could see an adder and a hobgoblin.

Vanquished Creatures
  An adder (D:2)
  3 gnolls (D:2)
  A dart slug (D:1)
  A ball python (D:2)
  3 bats
  A giant cockroach (D:1)
  A goblin (D:1)
  4 hobgoblins
  3 quokkas
  2 frilled lizards
  A kobold (D:1)
  A rat (D:1)
22 creatures vanquished.

Notes
Turn   | Place    | Note
-------+----------+-------------------------------------------
     0 | D:1      | Danienth the Demonspawn Berserker began the quest for the
                  | Orb.
     0 | D:1      | Reached XP level 1. HP: 18/18 MP: 1/1
   478 | D:1      | Gained mutation: Your touch may inflict minor irresistible
                  | damage on your foes. [demonic ancestry]
   478 | D:1      | Reached XP level 2. HP: 24/24 MP: 2/2
   862 | D:1      | Fell from the grace of Trog
   904 | D:2      | Reached XP level 3. HP: 29/29 MP: 3/3
  1195 | D:2      | HP: 1/29 [poisoned by an adder]
  1196 | D:2      | Succumbed to an adder's poison

Illustrated notes

Levels and vault maps discovered:
D:1:      psy_arrival_basics, layout_basic, serial_rivers,
          chequers_serial_rivers_room_a, chequers_serial_rivers_small_b,
          chequers_serial_rivers_room_a, chequers_serial_rivers_micro_d,
          chequers_serial_rivers_micro_e, chequers_serial_rivers_micro_c
D:2:      minmay_recursive_quarters, layout_loops_cross, serial_shops,
          nicolae_shop_trees, kennysheep_generic_room_15, uniq_jessica,
          uniq_robin

Skill      XL: |  1  2 |
---------------+-------+-----
Polearms       | 3 |  3.3
Armour         | 2 |  2.2
Dodging        | 2 |  2.1
Fighting       | |  3.5
Stealth        | |  0.8
Spellcasting   | |  0.3

Action                     || total
---------------------------++-------
  Melee: Spear             ||    61
         Touch             ||     3
         Halberd           ||    33
 Invoke: Renounce Religion ||     1
    Use: Scroll            ||     4
         Potion            ||     4
   Stab: Sleeping          ||     5
 Armour: Animal skin       ||    11
  Dodge: Dodged            ||    63

Table legend: (Time is in decaauts)
 A = Elapsed time spent in this place.
 B = Non-inter-level travel time spent in this place.
 C = Inter-level travel time spent in this place.
 D = Time resting spent in this place.
 E = Time spent auto-exploring this place.
 F = Levels seen in this place.
 G = Mean time per level.
                   A        B        C        D        E       F      G
               +--------+--------+--------+--------+--------+-----+--------+
         Total |   1204 |   1129 |     75 |      0 |    938 |   2 |  602.0 |
       Dungeon |   1204 |   1129 |     75 |      0 |    938 |   2 |  602.0 |
               +--------+--------+--------+--------+--------+-----+--------+

Top non-repeatable levels by time:
     D:1: 877 daAuts
     D:2: 326 daAuts
